 Dungeon Crawl Stone Soup version 0.31.0-10-gcf4a605ca0 (webtiles) character file.

Game seed: 12108801624788223655

58 Flugkiller the Ruffian (level 3, -2/33 HPs)
             Began as a Troll Enchanter on Jan 25, 2024.
             Slain by a gnoll
             ... wielding a +0 club
              (4 damage)
             ... on level 2 of the Dungeon.
             The game lasted 00:00:46 (904 turns).

Flugkiller the Ruffian (Troll Enchanter)             Turns: 904, Time: 00:00:47

Health: -2/33      AC:  4    Str: 18    XL:     3   Next: 75%
Magic:  3/3        EV:  9    Int: 11    God:
Gold:   81         SH:  0    Dex: 10    Spells: 4/4 levels left

rFire   . .          .
                       - Unarmed
rCold   . . .        (no shield)
rNeg    . . .        b - +0 robe
rPois   .            (helmet restricted)
rElec   .            (no cloak)
rCorr   .            (gloves unavailable)
SInv    .            (boots unavailable)
Will    .....        (no amulet)
Stlth   ++           (no ring)
HPRegen 1.05/turn    (no ring)
MPRegen 0.08/turn

%: no passive effects
@: lethally poisoned (-2 -> -3)
A: large, unfitting armour, claws 3, regeneration 1, shaggy fur 1, tough skin 1
a: no special abilities


You were on level 2 of the Dungeon.
You visited 1 branch of the dungeon, and saw 2 of its levels.

You collected 81 gold pieces.

Inventory:

Armour
 b - a +0 robe (worn)


   Skills:
 + Level 1.4 Fighting
 - Level 0.7 Short Blades
 - Level 1.5 Dodging
 - Level 1.5 Stealth
 * Level 2.7 Unarmed Combat
 - Level 1.2 Spellcasting
 - Level 2.0 Hexes


You had 4 spell levels left.
You didn't know any spells.
Your spell library contained the following spells:

 Spells                   Type           Power      Damage    Failure   Level
 Ensorcelled Hibernation  Hex/Ice        4%         N/A       32%         2
 Confusing Touch          Hex            5%         N/A       38%         3
 Tukima's Dance           Hex            5%         N/A       38%         3
 Dazzling Flash           Conj/Hex       4%         N/A       54%         3


Dungeon Overview and Level Annotations

Branches:
Dungeon (2/15) Zot: 11096

Altars:


Innate Abilities, Weirdness & Mutations

You are too large for most types of armour.
You have claws for hands.
Your natural rate of healing is unusually fast.
You are covered in fur. (AC +1)
You have tough skin. (AC +1)


Message History

You scratch the goblin.
You kill the goblin!
No target in view!
No target in view!
No target in view!
No target in view!
You see here a +0 club.
You see here a dark potion.
You see here a +0 club.
There is a stone staircase leading down here.
A giant cockroach comes into view.
A giant cockroach is nearby!
A giant cockroach is nearby!
You scratch the giant cockroach.
The giant cockroach is heavily wounded.
The giant cockroach waves its antennae.
The giant cockroach completely misses you.
You scratch the giant cockroach.
You kill the giant cockroach!
No target in view!
No target in view!
A gnoll comes into view. It is wielding a +0 whip.
The gnoll shouts!
You hear a shout!
A gnoll and an adder come into view.
The teleport trap disappears.
The gnoll disappears!
The adder moves out of view.
A gnoll is nearby!
A gnoll is nearby!
The adder hisses angrily.
A gnoll comes into view. It is wielding a +0 club.
A gnoll comes into view. It is wielding a +0 club.
Found an orange potion, 2 stones and a book of Vapours.
The gnoll hits you with a +0 club.
You scratch the gnoll.
The gnoll is lightly wounded.
The adder bites you but does no damage. The gnoll hits you with a +0 club.
You barely miss the gnoll.
The gnoll is lightly wounded.
The adder bites you but does no damage. The gnoll hits you but does no damage.
You scratch the gnoll.
The gnoll is moderately wounded.
The adder bites you. x2
You are poisoned.
The adder poisons you!
You scratch the gnoll.
The gnoll is almost dead.
You feel sick. The adder bites you but does no damage.
The gnoll completely misses you.
You closely miss the gnoll. Your claw misses the gnoll.
The gnoll is almost dead.
You feel sick. The adder bites you. The gnoll hits you with a +0 club.
The gnoll barely misses you.
You scratch the gnoll.
You kill the gnoll!
You feel sick. The adder barely misses you. The gnoll hits you with a +0 club.
The gnoll hits you with a +0 whip!
You are too injured to fight recklessly!
Unknown command.
You feel sick. The gnoll barely misses you. The adder barely misses you.
The gnoll attacks as it pursues you! The gnoll hits you but does no damage.
You feel sick.
You are no longer poisoned.
The adder attacks as it pursues you! The adder closely misses you.
You barely miss the adder. The adder barely misses you. The adder bites you.
You barely miss the adder. The adder bites you.
You are poisoned.
The adder poisons you!
You barely miss the adder.
You feel sick. The adder bites you but does no damage.
You scratch the adder.
The adder is lightly wounded.
You feel sick. The adder bites you.
* * * LOW HITPOINT WARNING * * *
You closely miss the adder.
The adder is lightly wounded.
You feel sick. The adder closely misses you. x2
You claw the adder!
The adder is almost dead.
You feel sick. The adder bites you but does no damage.
You miss the adder.
The adder is almost dead.
You feel sick. The adder bites you.
* * * LOW HITPOINT WARNING * * *
You are more poisoned.
The adder poisons you!
You claw the adder!
You kill the adder!
You feel sick.
You scratch the gnoll.
The gnoll is moderately wounded.
You feel sick. The gnoll hits you with a +0 club.
* * * LOW HITPOINT WARNING * * *
You claw the gnoll!
The gnoll is severely wounded.
You feel sick. The gnoll hits you with a +0 club.
* * * LOW HITPOINT WARNING * * *
You closely miss the gnoll.
The gnoll is severely wounded.
You feel sick. The gnoll hits you with a +0 club.
You die...

#<# #.#
#.########
#.# #.# ..#
#.# ### #.#
#.####
#....#
#.##.#
#.##.#
#@##.# #.#
#g##g##....#
#gg.g.!.(..#
####........
#..###.##
#..# # #..#
#..# ..:.


You could see 3 gnolls.

Vanquished Creatures
  A gnoll (D:2)
  An adder (D:2)
  A dart slug (D:1)
  2 ball pythons (D:1)
  3 endoplasms (D:1)
  2 giant cockroaches
  5 hobgoblins
  A quokka (D:1)
  3 bats (D:1)
  2 frilled lizards (D:1)
  7 goblins
  4 kobolds
  2 rats (D:1)
34 creatures vanquished.

Notes
Turn   | Place    | Note
-------+----------+-------------------------------------------
     0 | D:1      | Flugkiller the Troll Enchanter began the quest for the Orb.
     0 | D:1      | Reached XP level 1. HP: 16/16 MP: 1/1
    54 | D:1      | Reached skill level 1 in Unarmed Combat
   106 | D:1      | Reached XP level 2. HP: 26/26 MP: 2/2
   349 | D:1      | Reached skill level 1 in Fighting
   412 | D:1      | Reached XP level 3. HP: 31/33 MP: 3/3
   904 | D:2      | Slain by a gnoll

Illustrated notes

Levels and vault maps discovered:
D:1:      scummos_arrival_gate, layout_basic, serial_glass, glass_columns_a,
          glass_columns_c, nicolae_kite_square_tiling_tiny, hex_medium,
          minivault_5
D:2:      layout_loops_ring, minmay_puff, uniq_robin, uniq_natasha

Skill      XL: |  1  2 |
---------------+-------+-----
Unarmed Combat | 1 2 |  2.7
Fighting       | 1 |  1.4
Short Blades   | |  0.7
Dodging        | |  1.5
Stealth        | |  1.5
Spellcasting   | |  1.2
Hexes          | |  2.0

Action                     || total
---------------------------++-------
  Melee: Unarmed           ||    84
   Stab: Sleeping          ||     1
 Armour: Robe              ||    62
  Dodge: Dodged            ||    50
